 Dungeon Crawl Stone Soup version 0.18.1-50-g88ac8fd (webtiles) character file.

102422 Gargoyl the Corrupter of Planes (level 15, 0/117 HPs)
             Began as a Demonspawn Abyssal Knight on Sept 24, 2016.
             Was the Champion of Lugonu.
             Slain by a trident of distortion (13 damage)
             ... on level 1 of the Elven Halls.
             The game lasted 01:24:00 (26474 turns).

Gargoyl the Corrupter of Planes (DsAK)             Turns: 26474, Time: 01:24:01

Health: 0/117      AC: 26    Str: 21 (23) XL:     15   Next: 86%
Magic:  27/27      EV: 25    Int: 18 (19) God:    Lugonu [******]
Gold:   1074       SH: 13    Dex: 24 (25) Spells: 0 memorised, 14 levels left

rFire  + . .     SeeInvis .     M - +7 war axe (vamp)
rCold  . . .     Gourm    .     f - +5 scale mail of Ikun Qyi {Int+4 Dex+3}
rNeg   + + .     Faith    .     b - +0 buckler
rPois  .         Spirit   .     (helmet restricted)
rElec  .         Dismiss  .     U - +2 cloak
rCorr  .         Reflect  +     d - +1 pair of gloves
SustAt .         Harm     .     i - +2 pair of boots
MR     ++...                    L - +2 amulet of reflection
Stlth  ++........               O - ring of positive energy
                                h - +4 ring of dexterity

@: agile, about to teleport, very resistant to hostile enchantments, unstealthy
A: antennae 2, claws 1, talons 2, large bone plates 2, clever 1, demonic
guardian 2, deterioration 1, fire resistance 1, magic resistance 1, negative
energy resistance 1, powered by pain 1, strong 2
a: Depart the Abyss, Bend Space, Banish, Corrupt, Enter the Abyss, Brand Weapon
With Distortion, Renounce Religion


You were on level 1 of the Elven Halls.
You worshipped Lugonu.
Lugonu was exalted by your worship.
You were not hungry.

You visited 4 branches of the dungeon, and saw 24 of its levels.
You visited the Abyss 2 times.
You also visited: Sewer and Ice Cave.

You collected 2253 gold pieces.
You spent 1179 gold pieces at shops.

Inventory:

Hand Weapons
 m - a +0 broad axe
 M - a +7 vampiric war axe (weapon)
 Q - a +1 war axe of flaming
 T - the +5 hand crossbow "Lirr" {flame, *Drain MR+ SInv}
   (You found it on level 1 of the Lair of Beasts)

   It causes projectiles fired from it to burn those they strike, causing extra
   injury to most foes and up to half again as much damage against particularly
   susceptible opponents.
   It affects your resistance to hostile enchantments.
   It lets you see invisible.
   It causes draining when unequipped.
Missiles
 n - 5 javelins (quivered)
 G - 93 bolts
Armour
 b - a +0 buckler (worn)
 d - a +1 pair of gloves (worn)
 f - the +5 scale mail of Ikun Qyi (worn) {Int+4 Dex+3}
   (You found it on level 2 of the Abyss)

   It affects your intelligence (+4).
   It affects your dexterity (+3).
 i - a +2 pair of boots (worn)
 U - a +2 cloak (worn)
Jewellery
 g - an uncursed ring of sustain attributes
 h - a +4 ring of dexterity (left hand)
 p - an uncursed ring of positive energy
 v - an uncursed amulet of regeneration
 y - an uncursed ring of see invisible
 A - an uncursed ring of poison resistance
 B - an uncursed ring of protection from cold
 L - a +2 amulet of reflection (around neck)
 O - a ring of positive energy (right hand)
 R - a +3 ring of evasion
Wands
 t - a wand of flame (26/48)
 I - a wand of random effects (9/48)
 K - a wand of enslavement (13/24)
 S - a wand of digging (10/24)
 X - a wand of disintegration (17/24)
Scrolls
 e - 4 scrolls of identify
 l - 11 scrolls of teleportation
 o - 3 scrolls of fog
 q - a scroll of blinking
 r - a scroll of amnesia
 C - a scroll of summoning
 E - 6 scrolls of remove curse
 V - 3 scrolls of recharging
Potions
 j - a potion of invisibility
 u - a potion of brilliance
 x - a potion of resistance
 D - 4 potions of might
 F - 4 potions of magic
 N - a potion of agility
 Y - a potion of cancellation
Books
 k - the Disquisition on the Ensnaring Escort
   (You found it on level 8 of the Lair of Beasts)

   Spells                             Type                      Level
   a - Summon Small Mammal            Summoning                    1
   b - Dazzling Spray                 Conjuration/Hexes            3
   c - Summon Guardian Golem          Hexes/Summoning              3
   d - Recall                         Summoning/Translocation      3
   e - Summon Ice Beast               Ice/Summoning                4
   f - Aura of Abjuration             Summoning                    5
 P - a book of Summonings

   Spells                             Type                      Level
   a - Recall                         Summoning/Translocation      3
   b - Aura of Abjuration             Summoning                    5
   c - Summon Demon                   Summoning                    5
   d - Summon Forest                  Summoning/Translocation      5
   e - Summon Mana Viper              Hexes/Summoning              5
   f - Shadow Creatures               Summoning                    6
Miscellaneous
 s - a phial of floods
Comestibles
 a - 6 meat rations
 c - 21 bread rations
 w - 5 beef jerkies
 z - a royal jelly
 H - 6 slices of pizza
 J - 3 chunks of flesh
 W - 18 fruits


   Skills:
 + Level 10.9 Fighting
 + Level 12.2 Axes
 * Level 11.7 Armour
 + Level 10.3 Dodging
 + Level 9.5 Shields
 * Level 16.6 Invocations


You had 14 spell levels left.
You didn't know any spells.

Dungeon Overview and Level Annotations

Branches:
Dungeon (13/15)            Temple (0/1) D:4            Lair (8/8) D:9
  Swamp (0/4) Lair:5        Snake (0/4) Lair:5        Slime (0/6) Lair:6
    Orc (2/2) D:11            Elf (1/3) Orc:2        Vaults (0/5) D:13

Altars:
Dithmenos
Elyvilon
Gozag
Kikubaaqudgha
Nemelex Xobeh
Ru
Vehumet
Xom
Yredelemnul
The Shining One
Beogh

Shops:
D:5 %*   D:8 (**?[   Orc:2 (=[*

Annotations:
D:5 1 runed door


Innate Abilities, Weirdness & Mutations

You have a pair of antennae on your head.
You are mostly covered in large bone plates (AC +3, SH +3).
A demonic guardian rushes to your aid.
You resist negative energy.
You sometimes gain a little power by taking damage.
You have sharp fingernails.
You have razor-sharp toenails.
Your mind is acute. (Int +2)
Your body sometimes deteriorates upon taking damage.
Your flesh is heat resistant.
You are resistant to hostile enchantments.
Your muscles are very strong. (Str +4)


Message History

You barely miss the trident of distortion.
The trident of distortion is heavily damaged.
The trident of distortion hits you but does no damage.
You feel strangely unstable.
You hit the trident of distortion.
The trident of distortion is heavily damaged.
The trident of distortion hits you.
* * * LOW HITPOINT WARNING * * *
Space bends around you.
* * * LOW HITPOINT WARNING * * *
The trident of distortion hits you.
* * * LOW HITPOINT WARNING * * *
Space warps horribly around you!
* * * LOW HITPOINT WARNING * * *
You focus on the pain.
You feel agile all of a sudden.
You hit the trident of distortion but do no damage.
The trident of distortion is moderately damaged.
The trident of distortion hits you!
You die...

#...#.'...#
#.....#...#
#.##'##...####
#.##...#.#...#
#.##.........# ..'
####...#.#...#...#
####...####...# #
#...#(..#.# #.#
#...@....#
#...##'##...#.# ##
#...##'##...# ..
#.....#.)...# ..#
.. ..#.#...#.#[# #
#...####...####
#.#
#.#.#..)#.#...#
#.# + .
#.#..#[(#.# #.# #
## #)..#.#.)(# #.#
##


You could see a trident of distortion.

Vanquished Creatures
  A tentacled starspawn (Abyss:2)
  Maud (Lair:5)
  A red draconian (Abyss:2)
  Snorg (Lair:3)
  Josephine (Orc:1)
  A vault guard (D:13)
  Harold (Lair:3)
  A queen ant (Lair:2)
  2 catoblepae
  5 dancing weapons (Elf:1)
  3 death yaks (Lair:8)
  3 orc high priests (Orc:2)
  2 deep elf knights (Elf:1)
  Sonja (Lair:3)
  An unseen horror (D:12)
  3 deep elf archers (Elf:1)
  4 orc knights
  4 orc sorcerers (Orc:2)
  Pikel (D:5)
  13 deep elf magi (Elf:1)
  2 griffons
  10 elephants
  12 black mambas
  2 centaur zombies
  An ice statue (IceCv)
  A smoke demon (Abyss:2)
  A gargoyle (D:13)
  7 spiny frogs
  An orange demon (Abyss:2)
  A torpor snail (Lair:7)
  Psyche (D:10)
  A rime drake (Lair:8)
  9 komodo dragons
  3 trolls
  11 polar bears (IceCv)
  An ancient zyme (Abyss:2)
  A two-headed ogre (D:11)
  A giant leech (Lair:5)
  3 raiju (Abyss:2)
  A slime creature (D:13)
  5 blink frogs
  A small abomination (Abyss:2)
  A boulder beetle (Lair:7)
  A spriggan (shapeshifter) (Elf:1)
  2 vampires
  43 yaks
  4 wraiths (Orc:1)
  2 wyverns
  A human (D:13)
  A fire elemental (Elf:1)
  3 hippogriffs
  A hungry ghost (D:13)
  3 basilisks
  A steam dragon (Lair:8)
  4 wargs
  2 mottled dragons
  2 nagas (Lair:5)
  19 soldier ants
  A swamp worm (Lair:5)
  3 insubstantial wisps (Abyss:2)
  12 water moccasins
  10 porcupines
  27 orc warriors
  A black bear (D:11)
  12 ice beasts
  2 sky beasts (D:10)
  2 phantoms
  3 centaurs
  36 wolves
  8 ogres
  11 crocodiles
  5 big kobolds (Sewer)
  17 giant frogs
  A wyvern skeleton (D:13)
  2 scorpions
  14 killer bees
  14 wights
  4 howler monkeys (D:10)
  2 electric eels (D:9)
  6 crimson imps
  A giant frog zombie (D:13)
  3 jellies
  3 quasits
  9 hounds
  24 orc priests
  2 centaur skeletons
  2 giant frog skeletons (D:12)
  7 iguanas
  23 orc wizards
  33 worker ants
  12 sheep
  A hound skeleton (D:6)
  2 worker ant zombies
  10 gnolls
  40 river rats
  15 adders
  2 shadow imps
  8 oozes
  An adder zombie (D:9)
  3 adder skeletons
  2 worms
  13 giant geckos
  88 orcs
  2 ball pythons
  2 bat zombies (D:8)
  8 giant cockroaches
  6 goblins
  10 hobgoblins
  6 jackals
  7 quokkas
  12 bats
  A giant gecko skeleton (D:4)
  7 giant newts
  A jackal skeleton (D:6)
  A jackal zombie (D:5)
  22 kobolds
  A quokka skeleton (D:7)
  A quokka zombie (D:8)
  12 rats
  A rat zombie (D:8)
  A fungus (Lair:4)
  A plant (Lair:7)
815 creatures vanquished.

Vanquished Creatures (collateral kills)
  A deep elf sorcerer (Elf:1)
  An orc warlord (Orc:2)
  A white draconian (IceCv)
  3 vault guards (D:13)
  An ogre mage (D:13)
  2 hydras
  3 catoblepae
  Erica (Orc:1)
  A dancing weapon (Elf:1)
  9 death yaks (Lair:8)
  The ghost of Schimscham the Destroyer, a novice DrCj of Vehumet (D:10)
  An orc high priest (Orc:2)
  The ghost of xsansara the Geomancer, a novice GrEE of Sif Muna (D:8)
  2 deep elf knights (Elf:1)
  Nergalle (D:10)
  The ghost of KarmaPolice the Covert, a journeyman VSEn of Dithmenos (D:12)
  5 hill giants
  A deep elf archer (Elf:1)
  An orc knight (D:13)
  6 deep elf magi (Elf:1)
  An ugly thing (D:12)
  An orc sorcerer (Orc:2)
  2 oklob plants (Lair:6)
  A cyclops (D:13)
  Joseph (D:9)
  7 elephants
  A centaur zombie (D:10)
  4 spiny frogs
  A komodo dragon (Lair:7)
  A tengu conjurer (D:13)
  2 polar bears (IceCv)
  A troll (D:10)
  2 two-headed ogres
  2 slime creatures (D:13)
  A blink frog (Lair:8)
  An air elemental (Elf:1)
  21 yaks
  A human (D:9)
  A basilisk (Lair:6)
  A wyvern (D:9)
  A hungry ghost (D:7)
  Edmund (D:5)
  A hippogriff (Lair:2)
  2 nagas (Lair:5)
  2 soldier ants (Lair:2)
  A porcupine (Lair:6)
  6 orc warriors
  2 ice beasts
  An ogre (D:9)
  2 wolves
  A crocodile (Lair:6)
  A big kobold (D:9)
  2 giant frogs
  A jelly (D:13)
  6 wights
  3 killer bees
  A howler monkey (D:4)
  5 orc priests
  5 hounds (D:9)
  8 orc wizards
  A centaur skeleton (D:9)
  An iguana (D:5)
  5 worker ants
  10 sheep
  A gnoll (D:4)
  An adder (D:9)
  A shadow imp (D:6)
  9 orcs
  2 giant cockroaches (D:5)
  2 jackals (D:3)
  A kobold (D:9)
182 creatures vanquished.

Vanquished Creatures (others)
  3 hydras
  A deep elf mage (Elf:1)
  A scorpion (D:5)
  5 electric eels (D:9)
  An orc priest (Orc:1)
  An orc wizard (Orc:2)
  An adder (D:5)
  2 orcs
  2 jackals (D:5)
  A giant newt (D:5)
  14 fungi
  2 plants
  2 starspawn tentacles (Abyss:2)
  130 starspawn tentacle segments (Abyss:2)
166 creatures vanquished.

Grand Total: 1163 creatures vanquished

Notes
Turn   | Place    | Note
--------------------------------------------------------------
     0 | Abyss:1  | Gargoyl the Demonspawn Abyssal Knight began the quest for the Orb.
     0 | Abyss:1  | Reached XP level 1. HP: 18/18 MP: 2/2
    10 | Abyss:2  | Found an oddly glowing altar of Pakellas.
    25 | Abyss:2  | Found a corrupted altar of Lugonu.
    31 | Abyss:2  | Noticed a neqoxec
    34 | Abyss:2  | Noticed a crimson imp
    34 | Abyss:2  | Noticed a crimson imp
    45 | Abyss:2  | Got an ancient scale mail
    46 | Abyss:2  | Noticed a sun demon
    46 | D:1      | Escaped the Abyss
    57 | D:1      | Identified the +5 scale mail of Ikun Qyi {Int+4 Dex+3} (You found it on level 2 of the Abyss)
   313 | D:1      | Reached skill level 1 in Dodging
   548 | D:1      | Gained mutation: You have a pair of small antennae on your head. [demonic ancestry]
   548 | D:1      | Reached XP level 2. HP: 9/24 MP: 3/3
   747 | D:1      | Reached * piety under Lugonu
   774 | D:1      | Reached XP level 3. HP: 22/29 MP: 3/5
  1637 | D:3      | Found an opulent altar of Gozag.
  1654 | D:3      | Gained mutation: A weak demonic guardian rushes to your aid. [demonic ancestry]
  1654 | D:3      | Reached XP level 4. HP: 19/37 MP: 6/6
  1836 | D:3      | Reached ** piety under Lugonu
  2001 | D:3      | Gained mutation: You are partially covered in large bone plates (AC +2, SH +2). [demonic ancestry]
  2001 | D:3      | Reached XP level 5. HP: 42/42 MP: 7/7
  2146 | D:3      | Reached skill level 1 in Shields
  2218 | D:3      | Reached skill level 3 in Invocations
  2409 | D:3      | Reached *** piety under Lugonu
  2769 | D:4      | Found a sparkling altar of Nemelex Xobeh.
  2784 | D:4      | Reached XP level 6. HP: 28/48 MP: 8/8
  3246 | D:4      | Found a staircase to the Ecumenical Temple.
  3517 | D:4      | Found a sacrificial altar of Ru.
  3586 | D:5      | Entered Level 5 of the Dungeon
  3622 | D:5      | Reached **** piety under Lugonu
  3682 | D:5      | Reached skill level 4 in Invocations
  4012 | D:5      | Found Ekar's Food Boutique.
  4013 | D:5      | Noticed a slave
  4018 | D:5      | Noticed Pikel
  4020 | D:5      | Noticed a slave
  4022 | D:5      | Noticed a slave
  4023 | D:5      | Noticed a slave
  4030 | D:5      | Killed Pikel
  4030 | D:5      | Reached skill level 5 in Invocations
  4030 | D:5      | Gained mutation: A demonic guardian rushes to your aid. [demonic ancestry]
  4030 | D:5      | Reached XP level 7. HP: 45/55 MP: 10/10
  4031 | D:5      | Found a glowing golden altar of the Shining One.
  4033 | D:5      | Found a shimmering altar of Xom.
  4038 | D:5      | Found a shadowy altar of Dithmenos.
  4320 | D:5      | Gained mutation: You have a pair of antennae on your head. [demonic ancestry]
  4320 | D:5      | Reached XP level 8. HP: 61/61 MP: 11/11
  4364 | D:5      | Found a runed door.
  4390 | D:5      | Found a runed door.
  4448 | D:5      | Reached skill level 5 in Armour
  4554 | D:5      | Found Reaveckenk's Assorted Antiques.
  4621 | D:5      | Reached skill level 5 in Fighting
  4671 | D:5      | Noticed Edmund
  4677 | D:5      | Killed Edmund
  4999 | D:6      | Reached ***** piety under Lugonu
  5200 | D:6      | Reached skill level 6 in Invocations
  5243 | D:6      | Found a glowing drain.
  5257 | Sewer    | Entered a sewer
  5775 | Sewer    | Gained mutation: You are mostly covered in large bone plates (AC +3, SH +3). [demonic ancestry]
  5775 | Sewer    | Reached XP level 9. HP: 68/68 MP: 13/13
  6023 | D:6      | Reached skill level 5 in Axes
  6510 | D:6      | Reached skill level 7 in Invocations
  7677 | D:7      | Reached ****** piety under Lugonu
  7682 | D:7      | Found a basalt altar of Yredelemnul.
  8003 | D:8      | Found Lesk's General Store.
  8013 | D:8      | Bought a potion of curing for 48 gold pieces
  8042 | D:8      | Found Juruy's General Store.
  8074 | D:8      | Found Puxed's Weapon Boutique.
  8080 | D:8      | Bought a +1 vampiric war axe for 262 gold pieces
  8118 | D:8      | Reached skill level 5 in Dodging
  8149 | D:8      | Reached skill level 8 in Invocations
  8240 | D:8      | Found Irymas's Magic Scroll Shop.
  8263 | D:8      | Found Beqipt's Antique Armour Shoppe.
  8280 | D:8      | Noticed xsansara's ghost (novice GrEE)
  8299 | D:8      | Killed xsansara's ghost
  8299 | D:8      | Reached XP level 10. HP: 72/76 MP: 16/16
  8447 | D:8      | Found a white marble altar of Elyvilon.
  8791 | D:8      | Found an ancient bone altar of Kikubaaqudgha.
  8843 | D:9      | Reached skill level 5 in Shields
  9063 | D:9      | Found a staircase to the Lair.
  9237 | D:9      | Noticed Joseph
  9251 | D:9      | Killed Joseph
  9251 | D:9      | Reached skill level 9 in Invocations
  9913 | D:9      | Reached skill level 10 in Invocations
 10151 | D:9      | Gained mutation: Your body sometimes deteriorates upon taking damage. [potion of mutation]
 10151 | D:9      | Gained mutation: You have sharp fingernails. [potion of mutation]
 10151 | D:9      | Gained mutation: You are frail (-10% HP). [potion of mutation]
 10152 | D:9      | Gained mutation: You are resistant to hostile enchantments. [potion of mutation]
 10152 | D:9      | Gained mutation: Your mind is acute. (Int +2) [potion of mutation]
 10152 | D:9      | Lost mutation: You are frail (-10% HP). [potion of mutation]
 10217 | D:10     | Entered Level 10 of the Dungeon
 10217 | D:10     | Noticed Schimscham's ghost (novice DrCj)
 10229 | D:10     | Killed Schimscham's ghost
 10232 | D:10     | You fall through a shaft for 3 floors!
 10491 | D:13     | Noticed a hill giant
 10495 | D:13     | Killed a hill giant
 10552 | D:13     | Noticed a cyclops
 10567 | D:13     | Killed a cyclops
 10567 | D:13     | Gained mutation: You resist negative energy. [demonic ancestry]
 10567 | D:13     | Reached XP level 11. HP: 64/83 MP: 19/19
 10679 | D:13     | Noticed a vault guard
 10679 | D:13     | Noticed a vault guard
 10710 | D:13     | Noticed a vault guard
 10718 | D:13     | Noticed an ogre mage
 10720 | D:13     | Killed a vault guard
 10720 | D:13     | Reached skill level 11 in Invocations
 10731 | D:13     | Killed an ogre mage
 10745 | D:13     | Killed a vault guard
 10828 | D:13     | Killed a vault guard
 11390 | D:12     | Noticed an unseen horror
 11410 | D:12     | Killed an unseen horror
 11414 | D:12     | Gained mutation: Your muscles are strong. (Str +2) [potion of mutation]
 11414 | D:12     | Gained mutation: Your flesh is heat resistant. [potion of mutation]
 11467 | D:12     | Noticed KarmaPolice's ghost (journeyman VSEn)
 11471 | D:12     | Killed KarmaPolice's ghost
 11750 | D:12     | Noticed a white ugly thing
 11757 | D:12     | Killed a white ugly thing
 11761 | D:12     | Gained mutation: You have sharp toenails. [mutagenic meat]
 11762 | D:12     | Gained mutation: Your muscles are very strong. (Str +4) [mutagenic meat]
 11763 | D:12     | Gained mutation: You have razor-sharp toenails. [mutagenic meat]
 11922 | D:10     | Noticed Nergalle
 11930 | D:10     | Killed Nergalle
 12009 | D:10     | Noticed Psyche
 12107 | D:9      | Reached skill level 12 in Invocations
 12344 | D:10     | Killed Psyche
 12355 | D:10     | Reached XP level 12. HP: 84/91 MP: 21/21
 12912 | D:11     | Found a staircase to the Orcish Mines.
 13505 | D:13     | Found a gate to the Vaults.
 13505 | D:13     | Noticed a vault guard
 13522 | D:13     | Killed a vault guard
 14017 | Lair:1   | Entered Level 1 of the Lair of Beasts
 14300 | Lair:1   | Got an iridescent hand crossbow
 14301 | Lair:1   | Identified the +5 hand crossbow "Lirr" {flame, *Drain MR+ SInv} (You found it on level 1 of the Lair of Beasts)
 14964 | Lair:2   | Reached skill level 13 in Invocations
 15620 | Lair:2   | Noticed a queen ant
 15631 | Lair:2   | Killed a queen ant
 16067 | Lair:3   | Noticed Snorg
 16075 | Lair:3   | Killed Snorg
 16075 | Lair:3   | Gained mutation: You sometimes gain a little power by taking damage. [demonic ancestry]
 16075 | Lair:3   | Reached XP level 13. HP: 85/99 MP: 23/23
 16120 | Lair:3   | Noticed Sonja
 16130 | Lair:3   | Killed Sonja
 16555 | Lair:3   | Noticed Harold
 16569 | Lair:3   | Killed Harold
 17242 | Lair:4   | Got an iridescent war axe
 17243 | Lair:4   | Identified the +1 war axe "Ogre's Nightmare" {freeze, rC+} (You found it on level 4 of the Lair of Beasts)
 17680 | Lair:5   | Noticed Maud
 17700 | Lair:5   | Killed Maud
 17701 | Lair:5   | Reached skill level 14 in Invocations
 17831 | Lair:5   | Found a staircase to the Snake Pit.
 17926 | Lair:5   | Found a staircase to the Swamp.
 18650 | Lair:6   | Found a staircase to the Slime Pits.
 18706 | Lair:6   | Reached skill level 10 in Armour
 20001 | Lair:7   | Reached XP level 14. HP: 108/108 MP: 25/25
 20094 | Lair:7   | Reached skill level 10 in Axes
 20510 | Lair:8   | Entered Level 8 of the Lair of Beasts
 20523 | Lair:8   | Reached skill level 15 in Invocations
 20544 | Lair:8   | Identified the Disquisition on the Ensnaring Escort
 21005 | Lair:8   | Got a dazzling plate armour
 21012 | Lair:8   | Identified the +3 plate armour of Hopscotch {*Corrode rElec MR+} (You found it on level 8 of the Lair of Beasts)
 21914 | Orc:1    | Entered Level 1 of the Orcish Mines
 21914 | Orc:1    | Found a roughly hewn altar of Beogh.
 21925 | Orc:1    | Noticed Erica
 21937 | Orc:1    | Killed Erica
 21937 | Orc:1    | Reached skill level 10 in Fighting
 22128 | Orc:1    | Found a frozen archway.
 22156 | IceCv    | Entered an ice cave
 22740 | IceCv    | Reached XP level 15. HP: 115/115 MP: 26/26
 23313 | Orc:1    | Noticed Josephine
 23323 | Orc:1    | Killed Josephine
 23532 | Orc:2    | Entered Level 2 of the Orcish Mines
 23850 | Orc:2    | Reached skill level 16 in Invocations
 23961 | Orc:2    | Paralysed by an orc sorcerer for 7 turns
 23993 | Orc:2    | Noticed an orc warlord
 24043 | Orc:2    | Killed an orc warlord
 24250 | Orc:2    | Found a staircase to the Elven Halls.
 24568 | Orc:2    | Found Muj Obru's Antique Armour Emporium.
 24569 | Orc:2    | Found Paaxtaeh's Antique Weapon Shoppe.
 24570 | Orc:2    | Found Kalybloc's General Store.
 24570 | Orc:2    | Found Exidatol's Jewellery Emporium.
 24574 | Orc:2    | Bought a scroll of enchant armour for 90 gold pieces
 24588 | Orc:2    | Bought a crystal hand axe for 264 gold pieces
 24588 | Orc:2    | Bought a glowing war axe for 115 gold pieces
 24591 | Orc:2    | Identified the +2 hand axe of Gaatoom {chop, rC- rN+ Str+7 SInv} (You bought it in a shop on level 2 of the Orcish Mines)
 24769 | Elf:1    | Entered Level 1 of the Elven Halls
 24817 | Elf:1    | Found a radiant altar of Vehumet.
 24910 | Orc:2    | Bought a +2 amulet of reflection for 400 gold pieces
 24998 | Elf:1    | Reached skill level 10 in Dodging
 25126 | Elf:1    | Noticed a deep elf sorcerer
 25143 | Elf:1    | Killed a deep elf sorcerer
 25611 | Elf:1    | HP: 5/117 [deep elf knight/scimitar of holy wrath (4)]
 26219 | Elf:1    | Cast into level 2 of the Abyss (trident of distortion)
 26439 | Abyss:2  | Noticed a tentacled starspawn
 26447 | Abyss:2  | Killed a tentacled starspawn
 26456 | Abyss:2  | Noticed a tentacled starspawn
 26468 | Elf:1    | Escaped the Abyss
 26474 | Elf:1    | Slain by a trident of distortion

Skill      XL: |  1  2  3  4  5  6  7  8  9 10 11 12 13 14 15 |
---------------+----------------------------------------------+-----
Dodging        | 1 2 3 4 5 6 7 8 9 10 | 10.3
Armour         | 2 3 4 5 6 7 8 9 10 11 | 11.7
Axes           | 2 3 4 5 6 7 9 11 12 | 12.2
Shields        | 1 2 3 4 5 6 7 8 9 |  9.5
Invocations    | 3 5 6 8 10 12 13 14 15 16 | 16.6
Fighting       | 4 5 6 7 8 9 10 | 10.9

Action                   |  1- 3 |  4- 6 |  7- 9 | 10-12 | 13-15 || total
-------------------------+-------+-------+-------+-------+-------++-------
Melee: Hand axe          |    96 |       |       |       |       ||    96
       War axe           |    35 |   224 |   575 |   998 |  1594 ||  3426
Throw: Javelin           |       |     2 |       |       |       ||     2
Invok: Depart the Abyss  |     1 |       |       |       |     1 ||     2
       Banish            |       |       |       |     6 |    11 ||    17
  Use: Scroll            |     3 |     5 |     1 |    19 |    20 ||    48
       Potion            |       |     8 |     1 |     9 |     9 ||    27
 Stab: Distracted        |       |     2 |       |     3 |    14 ||    19
       Petrified         |       |       |       |       |     3 ||     3
  Eat: Chunk             |     3 |     8 |    12 |    25 |    35 ||    83
       Bread ration      |       |       |     1 |       |       ||     1
       Meat ration       |       |       |     1 |     3 |       ||     4
       Royal jelly       |       |       |       |       |     2 ||     2
       Pizza             |       |       |       |       |     1 ||     1
Armor: Scale mail        |   112 |   198 |   257 |   420 |   547 ||  1534
Dodge: Dodged            |    71 |   164 |   320 |   713 |  1377 ||  2645
Block: Buckler           |    33 |   119 |   268 |   600 |   951 ||  1971
       Reflection        |       |       |       |       |    11 ||    11
